 Dungeon Crawl Stone Soup version 0.28.0-1-gb440e238dd (webtiles) character file.

Game seed: 14725433696150272809

82306 zeram the Peltast (level 15, -4/96 HPs)
             Began as a Gargoyle Fighter on Feb 21, 2022.
             Was an Initiate of Yredelemnul.
             Slain by Donald (36 damage)
             ... on level 2 of the Lair of Beasts.
             The game lasted 01:00:08 (20722 turns).

zeram the Peltast (Gargoyle Fighter)               Turns: 20722, Time: 01:00:09

Health: -4/96      AC: 39    Str: 26    XL:     15   Next: 73%
Magic:  20/20      EV: 12    Int: 10    God:    Yredelemnul [......]
Gold:   1547       SH: 26    Dex:  9    Spells: 14/14 levels left

rFire   + + .      SeeInvis +   p - +8 falchion "Cuyr Uzeyse" {vorpal, Fly rF+}
rCold   . . .      Faith    .   k - +1 tower shield
rNeg    + . .      Spirit   .   B - +0 plate armour
rPois   ∞          Reflect  +   g - +2 helmet {SInv}
rElec   +          Harm     .   M - +0 cloak
rCorr   .          Rampage  .   E - +1 pair of gloves
Will    +....                   C - +2 pair of boots {Stlth+}
Stlth   ..........              Q - amulet of reflection
HPRegen 0.26/turn               O - +4 ring of evasion
MPRegen 0.17/turn               e - ring of protection from fire

@: flying
A: sickness immunity, AC +11, big wings, negative energy resistance 1,
electricity resistance, torment resistance 1, petrification resistance
a: Renounce Religion, Recall Undead Harvest


You were on level 2 of the Lair of Beasts.
You worshipped Yredelemnul.
Yredelemnul was noncommittal.
You visited 5 branches of the dungeon, and saw 22 of its levels.

You collected 2080 gold pieces.
You spent 533 gold pieces at shops.

Inventory:

Hand Weapons
 a - a +1 spectral flail
 p - the +8 falchion "Cuyr Uzeyse" (weapon) {vorpal, Fly rF+}
   (You found it on level 3 of the Dungeon)

   It inflicts extra damage upon your enemies.
   rF:        It protects you from fire.
   Fly:       It grants you flight.
Missiles
 l - 30 poisoned darts (quivered)
 D - 2 throwing nets
Armour
 b - a +0 scale mail
 c - a +0 buckler
 g - a +2 helmet of see invisible (worn)
 j - a +0 kite shield
 k - a +1 tower shield (worn)
 B - a +0 plate armour (worn)
 C - a +2 pair of boots of stealth (worn)
 E - a +1 pair of gloves (worn)
 M - a +0 cloak (worn)
Jewellery
 e - a ring of protection from fire (right hand)
 i - a ring of positive energy
 o - an amulet of regeneration
 K - a +6 ring of dexterity
 N - a ring of positive energy
 O - a +4 ring of evasion (left hand)
 Q - an amulet of reflection (around neck)
Wands
 x - a wand of paralysis (6)
 z - a wand of polymorph (7)
 F - a wand of charming (10)
 H - a wand of digging (21)
 L - a wand of flame (13)
 R - a wand of iceblast (20)
 V - a wand of acid (13)
 X - a wand of mindburst (5)
Scrolls
 h - 2 scrolls of immolation
 m - 2 scrolls of torment
 n - a scroll of silence
 y - 6 scrolls of teleportation
 J - 2 scrolls of magic mapping
 S - a scroll of holy word
 T - a scroll of fog
 Y - 2 scrolls of identify
Potions
 q - 5 potions of degeneration
 r - 3 potions of ambrosia
 s - 2 potions of resistance
 t - a potion of mutation
 u - a potion of attraction
 v - 3 potions of haste
 A - 2 potions of lignification
 G - a potion of magic
 P - a potion of flight
 U - a potion of brilliance
 W - a potion of cancellation
 Z - a potion of heal wounds
Miscellaneous
 d - a condenser vane


   Skills:
 + Level 12.2 Fighting
 - Level 6.8 Long Blades
 - Level 3.0 Maces & Flails
 + Level 13.9 Armour
 + Level 4.9 Dodging
 + Level 20.3 Shields
 * Level 6.8 Invocations


You had 14 spell levels left.
You didn't know any spells.
Your spell library contained the following spells:

 Spells                   Type           Power      Damage    Failure   Level
 Magic Dart               Conj           0%         1d3       99%         1
 Shock                    Conj/Air       0%         1d3       99%         1
 Summon Small Mammal      Summ           0%         N/A       99%         1
 Call Imp                 Summ           0%         N/A       100%        2
 Searing Ray              Conj           0%         2d4       100%        2
 Call Canine Familiar     Summ           0%         N/A       100%        3
 Confusing Touch          Hex            0%         N/A       100%        3
 Dazzling Flash           Conj/Hex       0%         N/A       100%        3
 Mephitic Cloud           Conj/Pois/Air  0%         N/A       100%        3
 Ozocubu's Armour         Ice            0%         N/A       100%        3
 Portal Projectile        Hex/Tloc       0%         N/A       100%        3
 Summon Guardian Golem    Hex/Summ       0%         N/A       100%        3
 Swiftness                Air            0%         N/A       100%        3
 Airstrike                Air            0%         N/A       100%        4
 Animate Armour           Summ/Erth      0%         N/A       100%        4
 Cause Fear               Hex            0%         N/A       100%        4
 Fulminant Prism          Conj/Hex       0%         3d6       100%        4
 Iskenderun's Mystic Bla  Conj/Tloc      0%         2d3       100%        4
 Agony                    Necr           0%         N/A       100%        5
 Blade Hands              Tmut           0%         N/A       100%        5
 Excruciating Wounds      Necr           0%         N/A       100%        5
 Lee's Rapid Deconstruct  Erth           0%         3d5*      100%        5
 Metabolic Englaciation   Hex/Ice        0%         N/A       100%        5
 Silence                  Hex/Air        0%         N/A       100%        5
 Yara's Violent Unravell  Hex/Tmut       0%         3d3       100%        5
 Iron Shot                Conj/Erth      0%         9d1       100%        6
 Simulacrum               Ice/Necr       0%         N/A       100%        6
 Dragon Form              Tmut           0%         N/A       100%        7
 Enfeeble                 Hex            0%         N/A       100%        7
 Dragon's Call            Summ           0%         N/A       100%        9


Dungeon Overview and Level Annotations

Branches:
Dungeon (12/15)            Temple (1/1) D:7            Lair (6/6) D:8
  Swamp (1/4) Lair:2       Spider (0/4) Lair:2        Slime (0/5) Lair:6
    Orc (2/2) D:12            Elf (0/3) Orc:2

Altars:
Ashenzari
Cheibriados
Dithmenos
Elyvilon
Fedhas
Gozag
Hepliaklqana
Kikubaaqudgha
Makhleb
Nemelex Xobeh
Okawaru
Qazlal
Ru
Sif Muna
Trog
Uskayaw
Vehumet
Wu Jian
Xom
Yredelemnul
Zin
The Shining One
Jiyva

Shops:
D:7 [   D:10 *   D:12 =   Orc:2 (?[=

Annotations:
Lair:2 Donald


Innate Abilities, Weirdness & Mutations

You are immune to sickness and miasma.
Your stone body is resilient. (AC +11)
You are immune to poison.
Your large and strong wings let you fly.
You resist negative energy. (rN+)
You are resistant to electric shocks. (rElec)
You are resistant to unholy torment.
You are immune to petrification.


Message History

You block Donald's attack. Donald hits you but does no damage.
You hit Donald but do no damage.
Donald is heavily wounded.
Donald hits you but does no damage. Donald blocks your attack.
Donald is heavily wounded.
Donald hits you with a +4 vorpal broad axe.
Donald closely misses you.
You slash Donald!
Donald is severely wounded.
Donald closely misses you. Donald blocks your attack.
Donald is severely wounded.
You block Donald's attack.
Donald hits you with a +4 vorpal broad axe.
You hit Donald but do no damage.
Donald is severely wounded.
You block Donald's attack. x2
You hit Donald but do no damage.
Donald is severely wounded.
You block Donald's attack. Donald blocks your attack.
Donald is severely wounded.
You block Donald's attack.
Donald gestures wildly while chanting.
Donald seems to grow stronger.
Donald blocks your attack.
Donald is severely wounded.
Donald hits you with a +4 vorpal broad axe. x2
You hit Donald.
Donald is severely wounded.
Donald hits you with a +4 vorpal broad axe!!
You hit Donald.
Donald is severely wounded.
You block Donald's attack. x2
You hit Donald but do no damage.
Donald is severely wounded.
Donald hits you with a +4 vorpal broad axe!!!
You die...
Your body rises from the dead as a mindless zombie.

#....##..ZZZ.....
##....^.Z........ ###
#P...............
#.###................
##...................
##..........#...##...
##..≈≈≈.§....#..###P..
##..§≈§§♣....#..##
#... #...≈@@§§.###.###
###. ##...♣♣♣≈≈.# ##.#
#. ###..§..≈≈≈..# ###
#. #...§........# #.
#...........## ##
##...........# #.
####.#..........# #.
####.............###
## #................##
##


You could see Donald (fast, strong).

Vanquished Creatures
  Gastronok (D:8)
  An orc warlord (D:12)
  A fire dragon (Lair:6)
  A hydra (Lair:5)
  4 boulder beetles
  A catoblepas (Lair:4)
  Erica (Orc:1)
  5 two-headed ogres
  An orc high priest (Orc:2)
  5 death yaks
  Urug (D:11)
  Pikel (D:9)
  A deep elf pyromancer (D:12)
  6 orc sorcerers
  An ugly thing (D:11)
  6 elephants
  3 black mambas
  Maurice (D:11)
  Joseph (D:8)
  2 centaur zombies
  2 gargoyles
  Psyche (D:8)
  A kobold demonologist (D:10)
  12 komodo dragons
  8 cane toads
  A hornet (D:9)
  5 trolls
  3 polar bears (Lair:5)
  Grinder (D:6)
  7 dream sheep
  3 blink frogs (Lair:4)
  The ghost of suduhmizer the Sneak, an amateur KoDe (D:3)
  Sigmund (D:3)
  3 vampires
  3 shadows
  A wraith (D:10)
  2 wyverns
  28 yaks
  Grum (D:11)
  5 vampire mosquitoes
  3 steam dragons
  4 wargs (Orc:2)
  2 swamp worms (Swamp:1)
  11 water moccasins
  A swamp drake (Lair:6)
  23 orc warriors
  A sky beast (D:5)
  A black bear (D:8)
  8 wolves
  7 centaurs
  5 ogres
  A lemure (D:9)
  5 kobold brigands
  2 gnoll sergeants
  13 bullfrogs
  2 scorpions (Lair:2)
  A water moccasin zombie (D:6)
  9 wights
  6 killer bees (D:10)
  2 water moccasin skeletons
  6 howler monkeys
  3 electric eels
  3 hounds
  20 orc priests
  4 iguanas
  34 orc wizards
  16 gnolls
  3 adders
  A howler monkey skeleton (D:6)
  2 shadow imps
  3 worms (D:2)
  2 dart slugs (D:1)
  51 orcs
  4 ball pythons
  6 endoplasms
  4 giant cockroaches
  6 goblins
  6 hobgoblins
  5 bats
  A frilled lizard (D:1)
  25 kobolds
  2 orc zombies (Orc:2)
  4 rats
451 creatures vanquished.

Vanquished Creatures (collateral kills)
  4 hydras
  A boulder beetle (D:12)
  The ghost of croobank the Cleaver, a journeyman DrFE (Lair:2)
  2 death yaks (Lair:6)
  A two-headed ogre (D:8)
  An orc high priest (D:12)
  Sonja (Lair:5)
  A swamp dragon (Lair:6)
  A bog body (Lair:2)
  A lindwurm (Lair:5)
  An oklob plant (Lair:1)
  A cyclops (D:10)
  5 elephants
  3 black mambas
  12 cane toads
  5 rime drakes
  4 komodo dragons
  A polar bear (Lair:2)
  A troll (D:12)
  3 blink frogs
  4 dream sheep (Lair:4)
  A shadow (D:11)
  3 wyverns
  11 yaks
  6 water moccasins
  An acid dragon (Lair:6)
  A black bear (D:8)
  4 orc warriors
  A necrophage (D:6)
  6 wolves
  7 bullfrogs
  A scorpion (D:6)
  2 electric eels
  A centaur zombie (D:5)
  A gnoll shaman (D:8)
  3 orc priests
  An iguana (Lair:6)
  3 orc wizards
  A howler monkey skeleton (D:5)
  3 gnolls
  A worm (Lair:2)
  12 orcs
  3 giant cockroaches (Lair:2)
  5 kobolds
  3 butterflies
135 creatures vanquished.

Vanquished Creatures (others)
  A hornet (Swamp:1)
  A fire dragon zombie (Lair:6)
  A black mamba zombie (Lair:6)
  A basilisk (Lair:6)
  A two-headed ogre zombie (D:11)
  A cane toad zombie (Lair:5)
  2 dream sheep zombies (Lair:6)
  3 elephant zombies (Lair:6)
  3 rime drake zombies
  A vampire mosquito zombie (D:12)
  2 komodo dragon zombies (Lair:6)
  3 wyvern zombies
  4 water moccasin zombies
  A troll zombie (Orc:2)
  4 yak zombies
  4 wolf zombies
  3 bullfrog zombies
  2 centaur zombies (D:8)
  A black bear zombie (D:8)
  A scorpion zombie (Lair:2)
  An orc wizard (Orc:2)
  3 ogre zombies
  A howler monkey zombie (D:11)
  A steam dragon zombie (Lair:6)
  A swamp drake zombie (Lair:6)
  51 orc zombies
  A spectral shadow imp (D:7)
  An iguana zombie (Lair:6)
  4 orcs
  6 gnoll zombies
  A ball python zombie (D:4)
  4 kobold zombies (D:8)
  39 fungi
  84 plants
238 creatures vanquished.

Grand Total: 824 creatures vanquished

Notes
Turn   | Place    | Note
-------+----------+-------------------------------------------
     0 | D:1      | zeram the Gargoyle Fighter began the quest for the Orb.
     0 | D:1      | Reached XP level 1. HP: 14/14 MP: 1/1
   314 | D:1      | Reached XP level 2. HP: 19/19 MP: 2/2
   584 | D:1      | Reached XP level 3. HP: 23/23 MP: 3/3
   648 | D:1      | Identified a scroll of acquirement
   927 | D:2      | Found a faded altar of an unknown god.
  1675 | D:2      | Reached skill level 4 in Shields
  1675 | D:2      | Reached XP level 4. HP: 23/28 MP: 4/4
  2333 | D:3      | Identified the +8 falchion "Cuyr Uzeyse" {vorpal, Fly rF+}
  2337 | D:3      | Acquired a +2 helmet of see invisible
  2492 | D:3      | Noticed Sigmund
  2643 | D:3      | Killed Sigmund
  2644 | D:3      | Reached skill level 1 in Long Blades
  2644 | D:3      | Reached XP level 5. HP: 33/33 MP: 5/5
  2644 | D:3      | Reached XP level 6. HP: 38/38 MP: 6/6
  2717 | D:3      | Reached skill level 1 in Dodging
  2758 | D:3      | Found a runed translucent door.
  2760 | D:3      | Noticed suduhmizer's ghost (amateur KoDe)
  2945 | D:3      | Killed suduhmizer's ghost
  2946 | D:3      | Reached skill level 5 in Armour
  2946 | D:3      | Reached skill level 5 in Shields
  2946 | D:3      | Reached XP level 7. HP: 44/44 MP: 7/7
  3166 | D:5      | Entered Level 5 of the Dungeon
  3237 | D:5      | You are sucked into a shaft and drop 2 floors!
  3237 | D:7      | Noticed a steam dragon
  3237 | D:7      | Found a staircase to the Ecumenical Temple.
  3247 | Temple   | Entered the Ecumenical Temple
  3251 | Temple   | Killed a steam dragon
  3252 | Temple   | Reached skill level 6 in Shields
  3625 | Temple   | Became a worshipper of Yredelemnul the Dark
  3655 | D:7      | Reached XP level 8. HP: 48/48 MP: 8/8
  3662 | D:7      | Reached * piety under Yredelemnul
  3772 | D:7      | Reached skill level 5 in Fighting
  3802 | D:7      | Found Dafualeg's Antique Armour Boutique.
  3811 | D:7      | Reached skill level 7 in Shields
  3841 | D:7      | Reached ** piety under Yredelemnul
  4018 | D:7      | Reached XP level 9. HP: 51/54 MP: 9/9
  4364 | D:8      | Reached skill level 5 in Long Blades
  4520 | D:6      | Noticed Grinder
  4701 | D:4      | Reached skill level 8 in Shields
  5502 | D:6      | Paralysed by Grinder for 2 turns
  5510 | D:6      | Killed Grinder
  5601 | D:6      | Reached *** piety under Yredelemnul
  5601 | D:6      | Reached XP level 10. HP: 23/61 MP: 10/10
  5691 | D:6      | Reached skill level 9 in Shields
  5825 | D:6      | Reached **** piety under Yredelemnul
  5907 | D:7      | Bought a pair of glowing boots for 217 gold pieces
  6036 | D:8      | Noticed an elephant
  6044 | D:8      | Killed an elephant
  6046 | D:8      | Found a staircase to the Lair.
  6122 | D:8      | Reached skill level 10 in Shields
  6133 | D:8      | Noticed Psyche
  6137 | D:8      | Noticed Gastronok
  6138 | D:8      | Noticed a two-headed ogre
  6140 | D:8      | Killed Psyche
  6148 | D:8      | Killed a two-headed ogre
  6159 | D:8      | Reached XP level 11. HP: 18/67 MP: 11/11
  6182 | Lair:1   | Entered Level 1 of the Lair of Beasts
  6189 | Lair:1   | Reached skill level 11 in Shields
  6261 | D:8      | Killed Gastronok
  6327 | D:8      | Found a shimmering altar of Xom.
  6591 | D:8      | Noticed Joseph
  6613 | D:8      | Killed Joseph
  6678 | D:8      | Identified the +5 scale mail "Fawecs" {Int+2 Stlth+}
  6696 | D:8      | Reached skill level 12 in Shields
  6804 | D:7      | Bought a pair of runed gloves for 217 gold pieces
  6952 | D:9      | Reached skill level 10 in Armour
  7099 | D:9      | Noticed Pikel
  7111 | D:9      | Killed Pikel
  7211 | D:9      | Noticed a two-headed ogre
  7227 | D:9      | Killed a two-headed ogre
  7385 | D:9      | Reached skill level 13 in Shields
  7652 | D:10     | Entered Level 10 of the Dungeon
  7814 | D:10     | Noticed a cyclops
  7832 | D:10     | Killed a cyclops
  7877 | D:10     | Noticed a boulder beetle
  7918 | D:10     | Killed a boulder beetle
  7920 | D:10     | Reached skill level 14 in Shields
  7920 | D:10     | Reached XP level 12. HP: 77/77 MP: 12/12
  8026 | D:10     | Reached XP level 13. HP: 62/81 MP: 13/13
  8120 | D:10     | Found Edabegepn's Assorted Antiques.
  8457 | Lair:1   | Reached ***** piety under Yredelemnul
  8458 | Lair:1   | Reached skill level 10 in Fighting
  8492 | Lair:1   | Reached ****** piety under Yredelemnul
  8620 | Lair:1   | Reached skill level 15 in Shields
  9329 | Lair:2   | Found a hole to the Spider Nest.
  9411 | Lair:2   | Found a staircase to the Swamp.
  9468 | Lair:2   | Found a runed translucent gate.
  9469 | Lair:2   | Found a runed translucent gate.
  9470 | Lair:2   | Found a runed translucent gate.
  9898 | Lair:2   | Noticed croobank's ghost (journeyman DrFE)
  9955 | Lair:2   | Killed croobank's ghost
  9956 | Lair:2   | Reached skill level 16 in Shields
 10699 | Lair:4   | Identified the +4 long sword "Zoaguv" {holy, Str+4}
 10905 | Lair:4   | Reached skill level 17 in Shields
 10905 | Lair:4   | Gained mutation: Your large and strong wings let you fly.
                  | [Gargoyle growth]
 10905 | Lair:4   | Reached XP level 14. HP: 88/88 MP: 14/14
 11575 | Lair:5   | Reached skill level 1 in Invocations
 11669 | Lair:5   | Noticed Sonja
 11692 | Lair:5   | Killed Sonja
 12879 | Lair:6   | Entered Level 6 of the Lair of Beasts
 12879 | Lair:6   | Found a staircase to the Slime Pits.
 12879 | Lair:6   | Found a viscous altar of Jiyva.
 12920 | Lair:6   | Reached skill level 18 in Shields
 14338 | Lair:6   | Reached skill level 19 in Shields
 14363 | Lair:6   | Reached XP level 15. HP: 96/96 MP: 18/18
 14366 | Lair:6   | Reached skill level 5 in Invocations
 15166 | D:10     | Bought a potion of curing for 99 gold pieces
 15559 | D:11     | Noticed Urug
 15576 | D:11     | Killed Urug
 15783 | D:11     | Noticed Grum
 15783 | D:11     | Noticed Maurice
 15815 | D:11     | Killed Grum
 15826 | D:11     | Killed Maurice
 16633 | D:12     | Found Donwelic's Jewellery Emporium.
 16876 | D:12     | Found a staircase to the Orcish Mines.
 16903 | Orc:1    | Entered Level 1 of the Orcish Mines
 16906 | Orc:1    | Noticed an orc warlord
 16909 | Orc:1    | Noticed Erica
 17172 | D:12     | Killed an orc warlord
 17180 | D:12     | Reached skill level 20 in Shields
 17326 | D:12     | Paralysed by an orc sorcerer for 4 turns
 17545 | Orc:1    | Killed Erica
 17938 | Orc:2    | Entered Level 2 of the Orcish Mines
 18009 | Orc:2    | Paralysed by an orc sorcerer for 4 turns
 19224 | Orc:2    | Found Xelag's Weapon Emporium.
 19224 | Orc:2    | Found Reugyss's Armour Shoppe.
 19228 | Orc:2    | Found Iwkisuck's Magic Scroll Emporium.
 19228 | Orc:2    | Found Voucs's Jewellery Shoppe.
 19923 | Orc:2    | Found a staircase to the Elven Halls.
 20577 | Swamp:1  | Entered Level 1 of the Swamp
 20582 | Swamp:1  | Noticed Donald
 20722 | Lair:2   | Slain by Donald

Illustrated notes

Levels and vault maps discovered:
D:1:      minmay_arrival_glassed_features, layout_loops_ring,
          serial_bayou_pond_a
D:2:      wad_pebble_path, layout_basic, basic_ecumenical_altar
D:3:      layout_rooms, ebering_ghost_inner_flame, uniq_sigmund
D:4:      layout_loops_ring
D:5:      layout_basic, kennysheep_cross_bottleneck
D:6:      layout_cave_pools, chequers_serial_rivers_room_b, uniq_grinder
D:7:      layout_cave_pools, minmay_temple_entry_sparse_star, serial_shops,
          nicolae_shop_hallway_stairs
D:8:      layout_basic, xom_confusion_cloud, david_lair_generic, uniq_psyche,
          uniq_joseph, uniq_gastronok
D:9:      layout_loops_ring, minmay_misc_feat_hallway, uniq_pikel
D:10:     minmay_curly_fans, layout_irregular_city, serial_shops,
          nicolae_shop_overgrown_old_shop
D:11:     layout_roguey, serial_bayou, serial_bayou_pond_b, serial_bayou_pond_d,
          serial_bayou_shore_b, serial_bayou_pond_e, uniq_urug, uniq_grum,
          uniq_maurice
D:12:     layout_roguey, erik_orc_2, serial_shops, nicolae_diamond_shop
Temple:   mainiacjoe_temple_trianglar_array
Lair:1:   layout_concentric_octagons, serial_bayou, serial_bayou_pond_c,
          serial_bayou_shore_b, serial_bayou_pond_a, serial_bayou_crossing,
          minmay_lair_oklob_items, lemuel_fruit_fields
Lair:2:   layout_hall_layers, skrybe_swamp_entry_bodies,
          nicolae_spider_entry_non_spiders, ebering_ghost_rock_garden,
          beast_lair_carwin_4, infiniplex_staircase_pool
Lair:3:   layout_misc_corridors, lemuel_fruit_fields, lemuel_fruit_fields
Lair:4:   wander_river, layout_big_grid, grunt_megastairs_4
Lair:5:   nzn_winding_woodlands_medium [nzn_winding_woodlands_5x5_cross,
          nzn_winding_woodlands_5x15_sidewinder,
          nzn_winding_woodlands_hourglass, nzn_winding_woodlands_5x5_open_star,
          nzn_winding_woodlands_center_pierced_h,
          nzn_winding_woodlands_5x5_three,
          nzn_winding_woodlands_5x5_checkerboard,
          nzn_winding_woodlands_5x15_sawtooth,
          nzn_winding_woodlands_5x5_closed_star], layout_regular_city,
          uniq_sonja
Lair:6:   wormcave, layout_cave_pods, guppyfry_lair_end_dragon, slime_altar_1,
          grunt_forest_small_clearings
Swamp:1:  layout_falls_marsh, evilmike_swamp_ruin_house_3, uniq_donald,
          uniq_mlioglotl
Orc:1:    layout_caves, serial_shops, shop, uniq_erica
Orc:2:    st_orc_mages, layout_diamond_mine, nooodl_orcs_dogs

Skill      XL: |  1  2  3  4  5  6  7  8  9 10 11 12 13 14 15 |
---------------+----------------------------------------------+-----
Maces & Flails | 3 |  3.0
Shields        | 4 5 6 7 8 10 14 17 19 20 | 20.3
Fighting       | 4 5 6 7 9 10 11 12 | 12.2
Long Blades    | 1 2 3 4 6 |  6.8
Armour         | 4 5 6 7 9 11 12 13 | 13.9
Dodging        | 1 2 4 |  4.9
Invocations    | 4 6 |  6.8

Action                   |  1- 3 |  4- 6 |  7- 9 | 10-12 | 13-15 || total
-------------------------+-------+-------+-------+-------+-------++-------
Melee: Flail             |   116 |    19 |       |       |    44 ||   179
       Falchion          |       |    48 |   231 |   371 |  1420 ||  2070
Throw: Dart              |       |     4 |       |       |       ||     4
Invok: Drain Life        |       |       |       |       |     1 ||     1
       Dark Bargain      |       |       |       |       |     1 ||     1
Evoke: Wand              |       |       |       |       |     5 ||     5
  Use: Scroll            |     3 |     5 |     7 |     7 |    16 ||    38
       Potion            |       |     2 |       |     2 |    14 ||    18
 Stab: Distracted        |       |       |     1 |     2 |     9 ||    12
       Paralysed         |       |       |       |       |     6 ||     6
Armor: Scale mail        |    61 |    43 |    89 |       |       ||   193
       Plate armour      |       |       |    56 |   234 |   746 ||  1036
Dodge: Dodged            |    53 |    14 |    66 |    53 |   523 ||   709
Block: Buckler           |    19 |       |       |       |       ||    19
       Tower shield      |    23 |    57 |   219 |   405 |  2029 ||  2733
       Kite shield       |     2 |       |       |       |       ||     2
       Reflection        |       |       |       |       |    33 ||    33
